TOP OF THE 1ST |
Augusta Timber Hawks batting - Pitching for Alaskan Humpbacks : RHP Enrique Cortéz
|
Pitching: RHP Enrique Cortéz
|
|
Batting: LHB Mike Hanson
|
0-0: Ball 1-0: Foul Ball, location: 2F 1-1: Fly out, F3 (Popup, 3F)
|
Batting: RHB Hiwahikeiki Noelani
|
0-0: Called Strike 0-1: Ball 1-1: Ground out 5-3 (Groundball, 5)
|
Batting: SHB Lawrence Franklin
|
0-0: Swinging Strike 0-1: Ball 1-1: Ball 2-1: Ball 3-1: Foul Ball, location: 2F 3-2: SINGLE (Groundball, 23) (infield hit)
|
Batting: RHB Eddy Baxter
|
0-0: Called Strike 0-1: Ball Lawrence Franklin steals 2nd base 1-1: Ball 2-1: Swinging Strike 2-2: SINGLE (Groundball, 56) Lawrence Franklin to third Runner from 3rd tries for Home, SAFE, no throw or cutoff
|
Batting: LHB Eugene Lawrence
|
0-0: Foul Ball, location: 2F 0-1: Called Strike 0-2: Ball 1-2: Ground out 1-3 (Groundball, 15)
|
Top of the 1st over - 1 run(s), 2 hit(s), 0 error(s), 1 left on base; Augusta 1 - Alaskan 0 |
BOTTOM OF THE 1ST |
Alaskan Humpbacks batting - Pitching for Augusta Timber Hawks : RHP Robert Neal
|
Pitching: RHP Robert Neal
|
|
Batting: RHB Steve Camp
|
0-0: Called Strike 0-1: Foul Ball, location: 2F 0-2: SOLO HOME RUN (Flyball, 78XD), Distance : 415 ft
|
Batting: LHB Guomez Nabeiro
|
0-0: Ball 1-0: Called Strike 1-1: Foul Ball, location: 2F 1-2: Ball 2-2: Ball 3-2: Base on Balls
|
Batting: SHB Josef Koper
|
0-0: Called Strike 0-1: Ball 1-1: Swinging Strike 1-2: Fly out, F4 (Popup, 4MD)
|
Batting: RHB Jared Smith
|
0-0: DOUBLE (Popup, 6MD) Guomez Nabeiro to third
|
Batting: LHB Paco Hernández
|
0-0: Fly out, F7 (Popup, 7S)
|
Batting: LHB James Sorensen
|
0-0: Called Strike 0-1: Ball 1-1: Foul Ball, location: 2F 1-2: Ball 2-2: Reached on error, E6 (Groundball, 6M) Guomez Nabeiro scores Jared Smith scores
|
Batting: RHB Troy Gine
|
0-0: Ball 1-0: Called Strike 1-1: SINGLE (Groundball, 5D) James Sorensen to third Runner from 3rd tries for Home, SAFE, no throw or cutoff
|
Batting: RHB Orlando Jiménez
|
0-0: Ball 1-0: Called Strike 1-1: Called Strike 1-2: Ball Wild Pitch! Troy Gine to second 2-2: Foul Ball, location: 2F 2-2: Strikes out swinging
|
Bottom of the 1st over - 4 run(s), 3 hit(s), 1 error(s), 1 left on base; Augusta 1 - Alaskan 4 |
TOP OF THE 2ND |
Augusta Timber Hawks batting - Pitching for Alaskan Humpbacks : RHP Enrique Cortéz
|
Batting: LHB Chris Henry
|
0-0: Called Strike 0-1: Called Strike 0-2: Ball 1-2: Ball 2-2: SINGLE (Line Drive, 6M)
|
Batting: SHB José Salazar
|
0-0: Foul Ball, location: 2F 0-1: Ball 1-1: Ball 2-1: Ball 3-1: Fielders Choice at 2nd, 6-4 (Groundball, 6M)
|
Batting: RHB Claudio Mendoza
|
0-0: Ball 1-0: Foul Ball, location: 2F 1-1: Swinging Strike 1-2: Grounds into double play, 6-4-3 (Groundball, 6)
|
Top of the 2nd over - 0 run(s), 1 hit(s), 0 error(s), 0 left on base; Augusta 1 - Alaskan 4 |
BOTTOM OF THE 2ND |
Alaskan Humpbacks batting - Pitching for Augusta Timber Hawks : RHP Robert Neal
|
Batting: RHB Mal Green
|
0-0: Called Strike 0-1: Fly out, F9 (Flyball, 9M)
|
Batting: RHB Steve Camp
|
0-0: Called Strike 0-1: Ball 1-1: Ground out 6-3 (Groundball, 6)
|
Batting: LHB Guomez Nabeiro
|
0-0: Foul Ball, location: 2F 0-1: Called Strike 0-2: Ball 1-2: SINGLE (Groundball, 34D)
|
Batting: SHB Josef Koper
|
Pickoff Throw to First - Out!
|
Bottom of the 2nd over - 0 run(s), 1 hit(s), 0 error(s), 0 left on base; Augusta 1 - Alaskan 4 |
TOP OF THE 3RD |
Augusta Timber Hawks batting - Pitching for Alaskan Humpbacks : RHP Enrique Cortéz
|
Batting: RHB Pedro Jiménez
|
0-0: Ball 1-0: Ground out 5-3 (Groundball, 56S)
|
Batting: LHB Mike Hanson
|
0-0: Ball 1-0: Called Strike 1-1: Called Strike 1-2: Foul Ball, location: 2F 1-2: Ball 2-2: Ball 3-2: Strikes out swinging
|
Batting: RHB Hiwahikeiki Noelani
|
0-0: Ball 1-0: Ball 2-0: SINGLE (Flyball, 7LS)
|
Batting: SHB Lawrence Franklin
|
0-0: Ball 1-0: Ball 2-0: 2-RUN HOME RUN (Flyball, 9D), Distance : 370 ft
|
Batting: RHB Eddy Baxter
|
0-0: SINGLE (Groundball, 56D)
|
Batting: LHB Eugene Lawrence
|
0-0: Called Strike 0-1: Ball 1-1: Ball 2-1: Called Strike 2-2: Ball 3-2: Base on Balls Eddy Baxter to second
|
Batting: LHB Chris Henry
|
0-0: Called Strike 0-1: Called Strike 0-2: Strikes out swinging
|
Top of the 3rd over - 2 run(s), 3 hit(s), 0 error(s), 2 left on base; Augusta 3 - Alaskan 4 |
BOTTOM OF THE 3RD |
Alaskan Humpbacks batting - Pitching for Augusta Timber Hawks : RHP Robert Neal
|
Batting: SHB Josef Koper
|
0-0: Ground out 4-3 (Groundball, 34)
|
Batting: RHB Jared Smith
|
0-0: Ball 1-0: Called Strike 1-1: Ball 2-1: Ball 3-1: Foul Ball, location: 2F 3-2: Base on Balls
|
Batting: LHB Paco Hernández
|
0-0: Ball 1-0: Ball 2-0: Fly out, F8 (Flyball, 8RM)
|
Batting: LHB James Sorensen
|
0-0: Ball 1-0: Called Strike 1-1: Foul Ball, location: 2F 1-2: Ball 2-2: Foul Ball, location: 2F 2-2: Fly out, F6 (Popup, 56D)
|
Bottom of the 3rd over - 0 run(s), 0 hit(s), 0 error(s), 1 left on base; Augusta 3 - Alaskan 4 |
TOP OF THE 4TH |
Augusta Timber Hawks batting - Pitching for Alaskan Humpbacks : RHP Enrique Cortéz
|
Batting: SHB José Salazar
|
0-0: Called Strike 0-1: Foul Ball, location: 2F 0-2: SINGLE (Line Drive, 4)
|
Batting: RHB Claudio Mendoza
|
0-0: Ball 1-0: Called Strike 1-1: Called Strike 1-2: Strikes out swinging
|
Batting: RHB Pedro Jiménez
|
0-0: Ball 1-0: Foul Ball, location: 2F 1-1: Foul Ball, location: 2F 1-2: Ball 2-2: Fly out, F3 (Popup, 3L)
|
Batting: LHB Mike Hanson
|
0-0: Foul Ball, location: 2F 0-1: Foul Ball, location: 2F 0-2: Ball 1-2: Fly out, F6 (Line Drive, 56)
|
Top of the 4th over - 0 run(s), 1 hit(s), 0 error(s), 1 left on base; Augusta 3 - Alaskan 4 |
BOTTOM OF THE 4TH |
Alaskan Humpbacks batting - Pitching for Augusta Timber Hawks : RHP Robert Neal
|
Batting: RHB Troy Gine
|
0-0: Ball 1-0: Ground out 6-3 (Groundball, 6)
|
Batting: RHB Orlando Jiménez
|
0-0: Ball 1-0: Called Strike 1-1: Called Strike 1-2: Foul Ball, location: 2F 1-2: Fly out, F8 (Flyball, 78D)
|
Batting: RHB Mal Green
|
0-0: Ball 1-0: Foul Ball, location: 2F 1-1: Swinging Strike 1-2: Foul Ball, location: 2F 1-2: Foul Ball, location: 2F 1-2: Ball 2-2: Fly out, F8 (Line Drive, 8LM)
|
Bottom of the 4th over - 0 run(s), 0 hit(s), 0 error(s), 0 left on base; Augusta 3 - Alaskan 4 |
TOP OF THE 5TH |
Augusta Timber Hawks batting - Pitching for Alaskan Humpbacks : RHP Enrique Cortéz
|
Batting: RHB Hiwahikeiki Noelani
|
0-0: Fly out, F6 (Popup, 6)
|
Batting: SHB Lawrence Franklin
|
0-0: Fly out, F5 (Popup, 15)
|
Batting: RHB Eddy Baxter
|
0-0: Foul Ball, location: 2F 0-1: Fly out, F9 (Flyball, 9M)
|
Top of the 5th over - 0 run(s), 0 hit(s), 0 error(s), 0 left on base; Augusta 3 - Alaskan 4 |
BOTTOM OF THE 5TH |
Alaskan Humpbacks batting - Pitching for Augusta Timber Hawks : RHP Robert Neal
|
Batting: RHB Steve Camp
|
0-0: Called Strike 0-1: Ball 1-1: Called Strike 1-2: Foul Ball, location: 2F 1-2: Reached on Error, E9 (Flyball, 89S)
|
Batting: LHB Guomez Nabeiro
|
0-0: Ball 1-0: DOUBLE (Line Drive, 5L) Steve Camp to third Runner from 3rd tries for Home, throw and OUT!
|
Batting: SHB Josef Koper
|
0-0: Foul Ball, location: 2F 0-1: Foul Ball, location: 2F 0-2: Foul Ball, location: 2F 0-2: Ball 1-2: Ball 2-2: Ball 3-2: Strikes out looking
|
Batting: RHB Jared Smith
|
0-0: Ball 1-0: Fly out, F8 (Flyball, 8LM)
|
Bottom of the 5th over - 0 run(s), 1 hit(s), 1 error(s), 1 left on base; Augusta 3 - Alaskan 4 |
TOP OF THE 6TH |
Augusta Timber Hawks batting - Pitching for Alaskan Humpbacks : RHP Enrique Cortéz
|
Batting: LHB Eugene Lawrence
|
0-0: Ground out 4-3 (Groundball, 4)
|
Batting: LHB Chris Henry
|
0-0: Swinging Strike 0-1: Ball 1-1: Ground out 1-3 (Groundball, 25)
|
Batting: SHB José Salazar
|
0-0: Ball 1-0: Foul Ball, location: 2F 1-1: Ball 2-1: Swinging Strike 2-2: Ball 3-2: Fly out, F8 (Flyball, 8LM)
|
Top of the 6th over - 0 run(s), 0 hit(s), 0 error(s), 0 left on base; Augusta 3 - Alaskan 4 |
BOTTOM OF THE 6TH |
Alaskan Humpbacks batting - Pitching for Augusta Timber Hawks : RHP Robert Neal
|
Batting: LHB Paco Hernández
|
0-0: SINGLE (Groundball, 4M)
|
Batting: LHB James Sorensen
|
0-0: Ball 1-0: Bunted foul 1-1: Bunted foul 1-2: Reached on error, E3 (Groundball, 3) Paco Hernández to second
|
Batting: RHB Troy Gine
|
0-0: Fly out, F9 (Flyball, 89D)
|
Batting: RHB Orlando Jiménez
|
0-0: Ball 1-0: Foul Ball, location: 2F 1-1: DOUBLE (Line Drive, 78D) Paco Hernández scores James Sorensen to third Runner from 3rd tries for Home, throw and OUT! Orlando Jiménez to third
|
Batting: RHB Mal Green
|
0-0: Ball 1-0: Foul Ball, location: 2F 1-1: Ball 2-1: Foul Ball, location: 2F 2-2: Fly out, F6 (Popup, 5)
|
Bottom of the 6th over - 1 run(s), 2 hit(s), 1 error(s), 1 left on base; Augusta 3 - Alaskan 5 |
TOP OF THE 7TH |
Augusta Timber Hawks batting - Pitching for Alaskan Humpbacks : RHP Enrique Cortéz
|
Batting: RHB Claudio Mendoza
|
0-0: Called Strike 0-1: SINGLE (Flyball, 9LS)
|
Batting: RHB Pedro Jiménez
|
0-0: Bunted foul 0-1: Bunted foul 0-2: Fly out, F6 (Line Drive, 6)
|
Batting: LHB Mike Hanson
|
0-0: Swinging Strike 0-1: Ball 1-1: Fielders Choice at 2nd, 4-6 (Groundball, 4)
|
Batting: RHB Hiwahikeiki Noelani
|
0-0: Ball 1-0: Ball 2-0: Ball 3-0: Foul Ball, location: 2F 3-1: 2-RUN HOME RUN (Flyball, 89XD), Distance : 438 ft
|
Batting: SHB Lawrence Franklin
|
0-0: Foul Ball, location: 2F 0-1: Fly out, F9 (Flyball, 9LM)
|
Top of the 7th over - 2 run(s), 2 hit(s), 0 error(s), 0 left on base; Augusta 5 - Alaskan 5 |
BOTTOM OF THE 7TH |
Alaskan Humpbacks batting - Pitching for Augusta Timber Hawks : RHP Robert Neal
|
Batting: RHB Steve Camp
|
0-0: Ball 1-0: Swinging Strike 1-1: Called Strike 1-2: Ball 2-2: Ball 3-2: Base on Balls
|
Batting: LHB Guomez Nabeiro
|
Pickoff Throw to First - Error! E1 Steve Camp to second 0-0: Intentional Walk
|
Pinch Hitting: RHB Jim Unknown
|
0-0: Called Strike 0-1: Called Strike 0-2: Foul Ball, location: 2F 0-2: Ball 1-2: SINGLE (Line Drive, 7S) Steve Camp to third Guomez Nabeiro to second Runner from 3rd tries for Home, SAFE, no throw or cutoff
|
Batting: RHB Jared Smith
|
0-0: Swinging Strike 0-1: Foul Ball, location: 2F 0-2: Ball 1-2: Ground out 1-3 (Groundball, 2R) Guomez Nabeiro to third Jim Unknown to second
|
Pitching: RHP Paul Moore
|
|
Batting: LHB Paco Hernández
|
0-0: Called Strike 0-1: Ball 1-1: Ball 2-1: Called Strike 2-2: SINGLE (Groundball, 34D) Guomez Nabeiro scores Jim Unknown to third
|
Batting: LHB James Sorensen
|
0-0: Ball 1-0: Called Strike 1-1: Swinging Strike 1-2: Strikes out looking
|
Pinch Hitting: RHB Fernando Camacho
|
0-0: Ball 1-0: Ball 2-0: Fly out, F9 (Flyball, 89M)
|
Bottom of the 7th over - 2 run(s), 2 hit(s), 1 error(s), 2 left on base; Augusta 5 - Alaskan 7 |
TOP OF THE 8TH |
Augusta Timber Hawks batting - Pitching for Alaskan Humpbacks : RHP Enrique Cortéz
|
Now at 1B: Fernando Camacho
|
|
Now at SS: Jim Unknown
|
|
Batting: RHB Eddy Baxter
|
0-0: Ball 1-0: Ball 2-0: Ball 3-0: Base on Balls
|
Batting: LHB Eugene Lawrence
|
0-0: SINGLE (Flyball, 7S) Eddy Baxter to second
|
Batting: LHB Chris Henry
|
0-0: Ball 1-0: Bunted foul 1-1: Bunted foul 1-2: Foul Ball, location: 2F 1-2: Ball 2-2: Ball 3-2: SINGLE (Groundball, 34D) Eddy Baxter to third Eugene Lawrence to second Runner from 3rd tries for Home, SAFE, throw made home Eugene Lawrence to third Chris Henry to second
|
Pitching: RHP Jim Unknown
|
|
Pinch Hitting: RHB Tom Strickland
|
0-0: Foul Ball, location: 2F 0-1: DOUBLE (Line Drive, 4D) Eugene Lawrence scores Chris Henry scores
|
Batting: RHB Claudio Mendoza
|
0-0: Ball 1-0: Fly out, F6 (Line Drive, 6) 1-0: Lined into DP, 6-4 (Line Drive, 6)
|
Batting: RHB Pedro Jiménez
|
0-0: SINGLE (Line Drive, 89S)
|
Batting: LHB Mike Hanson
|
0-0: Ball 1-0: Fly out, F8 (Flyball, 78M)
|
Top of the 8th over - 3 run(s), 4 hit(s), 0 error(s), 1 left on base; Augusta 8 - Alaskan 7 |
BOTTOM OF THE 8TH |
Alaskan Humpbacks batting - Pitching for Augusta Timber Hawks : RHP Paul Moore
|
Pitching: RHP Tom Sosa
|
|
Now in RF: Jim Unknown
|
|
Batting: RHB Orlando Jiménez
|
0-0: Foul Ball, location: 2F 0-1: Ball 1-1: Foul Ball, location: 2F 1-2: Ball 2-2: Strikes out looking
|
Batting: RHB Mal Green
|
0-0: Ball 1-0: Called Strike 1-1: Foul Ball, location: 2F 1-2: Foul Ball, location: 2F 1-2: Ball 2-2: Foul Ball, location: 2F 2-2: Foul Ball, location: 2F 2-2: Ground out 5-3 (Groundball, 56)
|
Batting: RHB Steve Camp
|
0-0: Fly out, F9 (Flyball, 9M)
|
Bottom of the 8th over - 0 run(s), 0 hit(s), 0 error(s), 0 left on base; Augusta 8 - Alaskan 7 |
TOP OF THE 9TH |
Augusta Timber Hawks batting - Pitching for Alaskan Humpbacks : RHP Jim Unknown
|
Pitching: RHP Miguel González
|
|
Batting: RHB Hiwahikeiki Noelani
|
0-0: Called Strike 0-1: Swinging Strike 0-2: Ball 1-2: Strikes out swinging
|
Batting: SHB Lawrence Franklin
|
0-0: Ball 1-0: Ground out 6-3 (Groundball, 6M)
|
Batting: RHB Eddy Baxter
|
0-0: Swinging Strike 0-1: Ball 1-1: Swinging Strike 1-2: Ball 2-2: Ball 3-2: Base on Balls
|
Batting: LHB Eugene Lawrence
|
0-0: Ball 1-0: Foul Ball, location: 2F 1-1: Ball 2-1: Foul Ball, location: 2F 2-2: Ball 3-2: Base on Balls Eddy Baxter to second
|
Batting: LHB Chris Henry
|
0-0: Ball 1-0: Swinging Strike 1-1: Ball 2-1: Swinging Strike 2-2: Strikes out swinging
|
Top of the 9th over - 0 run(s), 0 hit(s), 0 error(s), 2 left on base; Augusta 8 - Alaskan 7 |
BOTTOM OF THE 9TH |
Alaskan Humpbacks batting - Pitching for Augusta Timber Hawks : RHP Tom Sosa
|
Pitching: RHP Aaron O'Neill
|
|
Batting: LHB Guomez Nabeiro
|
0-0: Ball 1-0: Ground out U3 (Groundball, 3)
|
Batting: RHB Jim Unknown
|
0-0: Ball 1-0: Ball 2-0: Ground out 4-3 (Groundball, 4)
|
Batting: RHB Jared Smith
|
0-0: Ball 1-0: Ball 2-0: Ball 3-0: Base on Balls
|
Batting: LHB Paco Hernández
|
0-0: Foul Ball, location: 2F 0-1: Ball 1-1: Foul Ball, location: 2F 1-2: Ball 2-2: Ground out 4-3 (Groundball, 4)
|
Bottom of the 9th over - 0 run(s), 0 hit(s), 0 error(s), 1 left on base; Augusta 8 - Alaskan 7 |
|